 Dungeon Crawl Stone Soup version 0.28.0-47-ge53b351184 (webtiles) character file.

Game seed: 14932607029022102698

409 bobregger the Skirmisher (level 6, -4/68 HPs)
             Began as an Ogre Berserker on Apr 30, 2022.
             Was a Believer of Trog.
             Killed by nerve-wracking pain
             ... invoked by an orc priest
              (12 damage)
             ... on level 5 of the Dungeon.
             The game lasted 00:05:27 (4822 turns).

bobregger the Skirmisher (Ogre Berserker)           Turns: 4822, Time: 00:05:28

Health: -4/68      AC:  3    Str: 22    XL:     6   Next: 89%
Magic:  6/6        EV: 11    Int:  8    God:    Trog [**....]
Gold:   150        SH:  0    Dex: 10    Spells: 5/5 levels left

rFire   . . .      SeeInvis .   j - +0 morningstar
rCold   . . .      Faith    .   (no shield)
rNeg    . . .      Spirit   .   b - +0 animal skin
rPois   +          Reflect  .   (helmet restricted)
rElec   .          Harm     .   (no cloak)
rCorr   .          Rampage  .   (gloves unavailable)
Will    .....                   (boots unavailable)
Stlth   +.........              (no amulet)
HPRegen 0.21/turn               g - ring of poison resistance
MPRegen 0.10/turn               (no ring)

@: confused
A: large, unfitting armour, tough skin 1
a: Renounce Religion, Berserk, Trog's Hand


You were on level 5 of the Dungeon.
You worshipped Trog.
Trog was pleased with you.
You visited 1 branch of the dungeon, and saw 5 of its levels.

You collected 150 gold pieces.

Inventory:

Hand Weapons
 j - a +0 morningstar (weapon)
Armour
 b - a +0 animal skin (worn)
Jewellery
 g - a ring of poison resistance (left hand)
Scrolls
 a - a scroll of enchant weapon {unknown}
 c - 2 scrolls of enchant armour {unknown}
 e - 4 scrolls of identify {unknown}
 f - 2 scrolls of fog {unknown}
 k - a scroll of teleportation {unknown}
Potions
 d - a potion of ambrosia {unknown}
 h - 3 potions of brilliance {unknown}
 i - a potion of curing {unknown}
 l - a potion of degeneration {unknown}


   Skills:
 * Level 6.9 Fighting
 + Level 3.8 Maces & Flails
 * Level 4.8 Dodging


You had 5 spell levels left.
You didn't know any spells.
Your spell library was empty.

Dungeon Overview and Level Annotations

Branches:
Dungeon (5/15)
 Temple: D:4-7

Altars:
Cheibriados
Elyvilon
Gozag
Makhleb
Qazlal
Trog
Vehumet

Shops:
D:1 =   D:3 (


Innate Abilities, Weirdness & Mutations

You are too large for most types of armour.
You have tough skin. (AC +1)


Message History

Okay, then.
You barely miss the orc wizard. Something hits you.
The orc wizard mumbles some strange words.
The orc wizard flickers and vanishes!
Something hits you.
You closely miss something. Something hits you. x3
You miss something.
You hear some strange, mumbled words.
A puff of flame appears from out of thin air!
The puff of flame misses you. Something hits you. x2
You hear some strange, mumbled words.
You are more confused.
You miss something. Something hits you. x2
You miss something. Something hits you. Something hits you but does no damage.
Something hits you.
You hear some strange, mumbled words.
You are more confused.
You hear some strange, mumbled words.
You hit something but do no damage. Something hits you but does no damage.
You hear some strange, mumbled words.
You are more confused.
Something hits you but does no damage.
There is a stone staircase leading down, spattered with blood here.
You hear some strange, mumbled words.
A magic dart appears from out of thin air!
The magic dart hits you.
In your confused state, you trip and fall down the stairs.
You climb downwards.
Reactivating autopickup.
There is a stone staircase leading up here.
Something hits you.
Deactivating autopickup; reactivate with Ctrl-A.
The orc priest mumbles some strange prayers to Beogh against you.
Beogh smites you!
* * * LOW HITPOINT WARNING * * *
You nearly stumble into some deep water!
Something hits you.
* * * LOW HITPOINT WARNING * * *
The orc priest calls down the wrath of Beogh upon you.
Pain shoots through your body!
You die...

#### ########..
........o#
≈≈≈≈≈≈≈..####.#
.....5≈@<....[#
#####.≈..######
#.....≈..#
#._.#.≈..#
....#.≈..#
#####.≈..#
......≈..#
≈≈≈≈≈≈≈..#


You could see an orc priest and a shadow imp.

Vanquished Creatures
  The ghost of bobregger the Skirmisher, an amateur OgBe of Trog (D:3)
  3 orc priests
  A hound (D:4)
  2 orc wizards (D:3)
  4 adders
  A worm (D:1)
  3 dart slugs
  6 orcs (D:3)
  6 ball pythons
  6 bats
  9 endoplasms
  A giant cockroach (D:4)
  9 goblins
  8 hobgoblins
  5 jackals (D:1)
  4 quokkas
  6 frilled lizards
  10 kobolds
  6 rats
91 creatures vanquished.

Notes
Turn   | Place    | Note
-------+----------+-------------------------------------------
     0 | D:1      | bobregger the Ogre Berserker began the quest for the Orb.
     0 | D:1      | Reached XP level 1. HP: 24/24 MP: 1/1
   163 | D:1      | Reached XP level 2. HP: 22/32 MP: 2/2
   427 | D:1      | Reached XP level 3. HP: 25/40 MP: 3/3
   717 | D:1      | Reached ** piety under Trog
   795 | D:1      | Found Doneiw's Jewellery Shop.
  1323 | D:2      | Reached skill level 5 in Fighting
  1348 | D:2      | HP: 1/42 [kobold/+0 short sword (5)]
  1354 | D:2      | Reached XP level 4. HP: 5/50 MP: 4/4
  2344 | D:2      | You fall into a shaft and drop 2 floors!
  2456 | D:3      | Found a white marble altar of Elyvilon.
  2813 | D:3      | Reached XP level 5. HP: 58/58 MP: 5/5
  3307 | D:3      | Found Polaqu Xarr's Weapon Shoppe.
  3387 | D:3      | Found a large runed translucent door.
  3387 | D:3      | Found a large runed translucent door.
  3497 | D:3      | Noticed bobregger's ghost (amateur OgBe)
  3537 | D:3      | Reached skill level 6 in Fighting
  3741 | D:3      | Killed bobregger's ghost
  3742 | D:3      | Reached XP level 6. HP: 68/68 MP: 6/6
  4228 | D:4      | Found a burning altar of Makhleb.
  4231 | D:4      | Found a bloodstained altar of Trog.
  4234 | D:4      | Found a stormy altar of Qazlal.
  4237 | D:4      | Found a radiant altar of Vehumet.
  4653 | D:4      | Found a snail-covered altar of Cheibriados.
  4805 | D:5      | Entered Level 5 of the Dungeon
  4805 | D:5      | Found an opulent altar of Gozag.
  4822 | D:5      | Killed from afar by an orc priest

Illustrated notes

Levels and vault maps discovered:
D:1:      dpeg_arrival_simpleton_c, layout_basic, serial_shops,
          nicolae_lakefront_shop
D:2:      layout_rooms, moated_statue, minmay_diced_spiral
D:3:      layout_loops_corners, old_standard_altar, ebering_ghost_disaster_area,
          serial_shops, nicolae_shop_bloodbath_and_beyond,
          hangedman_abyss_or_decor_stabs
D:4:      layout_cave_pools, grunt_temple_overflow_cloverleaf,
          overflow_temple_1_default
D:5:      layout_loops_ring, general_overflow_altar,
          mainiacjoe_overflow_brackets, mainiacjoe_overflow_paths,
          minmay_temple_entry_slanted, serial_shops, nicolae_shop_statue_plus,
          kennysheep_generic_room_10, uniq_prince_ribbit1

Skill      XL: |  1  2  3  4  5 |
---------------+----------------+-----
Dodging        | 3 4 |  4.8
Maces & Flails | 3 |  3.8
Fighting       | 5 6 |  6.9

Action                   |  1- 3 |  4- 6 || total
-------------------------+-------+-------++-------
Melee: Mace              |   122 |    62 ||   184
       Punch             |     1 |     1 ||     2
       Morningstar       |       |    95 ||    95
Invok: Berserk           |     1 |     3 ||     4
       Trog's Hand       |     1 |       ||     1
 Stab: Sleeping          |     1 |     1 ||     2
Armor: Animal skin       |    47 |    61 ||   108
Dodge: Dodged            |    93 |   123 ||   216
